 Dungeon Crawl Stone Soup version 0.27.0-1-g7a089689b8 (webtiles) character file.

Game seed: 4781915527704876841

151 Spaninq the Ducker (level 5, -7/27 HPs)
             Began as a Spriggan Gladiator on Aug 13, 2021.
             Killed from afar by an orc wizard (9 damage)
             ... with a puff of flame
             ... on level 3 of the Dungeon.
             The game lasted 00:09:53 (4138 turns).

Spaninq the Ducker (Spriggan Gladiator)             Turns: 4138, Time: 00:09:54

Health: -7/27      AC:  2    Str: 11    XL:     5   Next: 11%
Magic:  6/6        EV: 19    Int: 10    God:
Gold:   90         SH:  0    Dex: 16    Spells: 4/4 levels left

rFire    . . .     SeeInvis +   a - +0 long sword
rCold    . . .     Faith    .   (shield restricted)
rNeg     . . .     Spirit   .   b - +0 robe
rPois    .         Reflect  .   c - +0 hat
rElec    .         Harm     .   (no cloak)
rCorr    .         Rampage  .   (gloves unavailable)
Will     .....                  (boots unavailable)
Stlth    +.........             (no amulet)
HPRegen  0.09/turn              (no ring)
MPRegen  0.10/turn              (no ring)

@: very quick
A: very small, no large weapons, unfitting armour, see invisible, speed 3
a: no special abilities


You were on level 3 of the Dungeon.
You visited 1 branch of the dungeon, and saw 4 of its levels.

You collected 90 gold pieces.

Inventory:

Hand Weapons
 a - a +0 long sword (weapon)
 l - a +4 quarterstaff
Missiles
 d - 3 throwing nets (quivered)
Armour
 b - a +0 robe (worn)
 c - a +0 hat (worn)
Scrolls
 f - a scroll of noise {unknown}
 g - a scroll of holy word {unknown}
 h - a scroll of enchant weapon {unknown}
 i - a scroll of acquirement {unknown}
 j - 2 scrolls of identify {unknown}
 k - a scroll of immolation {unknown}
 o - a scroll of vulnerability {unknown}
Potions
 e - 4 potions of lignification {unknown}
 m - a potion of curing {unknown}
 n - a potion of flight {unknown}


   Skills:
 + Level 2.5 Fighting
 * Level 3.8 Long Blades
 - Level 2.0 Throwing
 + Level 5.2 Dodging


You had 4 spell levels left.
You didn't know any spells.
Your spell library contained the following spells:

 Spells                   Type           Power      Damage    Failure   Level
 Blink                    Tloc           N/A        N/A       50%         2
 Lesser Beckoning         Tloc           0%         N/A       75%         3
 Manifold Assault         Tloc           0%         N/A       100%        5


Dungeon Overview and Level Annotations

Branches:
Dungeon (4/15)
 Temple: D:4-7

Altars:


Innate Abilities, Weirdness & Mutations

You are very small and have problems with some larger weapons.
You are too small for most types of armour.
You have supernaturally acute eyesight. (SInv)
You cover ground extremely quickly. (Speed+++)


Message History

You hit the orc wizard but do no damage.
The orc wizard is heavily wounded.
The orc wizard misses you.
You completely miss the orc wizard.
The orc wizard is heavily wounded.
The orc wizard hits you but does no damage.
You closely miss the orc wizard.
The orc wizard is heavily wounded.
The orc wizard completely misses you. The orc wizard misses you.
You barely miss the orc wizard.
The orc wizard is heavily wounded.
The orc wizard hits you with a +0 dagger.
The orc wizard barely misses you.
The orc wizard hits you but does no damage.
You hit the orc wizard.
The orc wizard is almost dead.
The orc wizard gestures at you while chanting.
You easily resist.
The orc wizard hits you but does no damage.
You barely miss the orc wizard.
The orc wizard is almost dead.
The orc wizard hits you with a +0 dagger.
The orc wizard gestures wildly while chanting.
The orc wizard flickers and vanishes for a moment.
You hit the orc wizard.
You kill the orc wizard!
The orc wizard hits you with a +0 dagger.
You have reached level 5!
You feel clever.
You barely miss the orc wizard.
The orc wizard hits you with a +0 dagger. x2
You hit the orc wizard.
The orc wizard is moderately wounded.
The orc wizard gestures at you while chanting.
The puff of flame hits you!
* * * LOW HITPOINT WARNING * * *
There is a stone staircase leading up here.
The orc wizard casts a spell at you. The puff of flame hits you!
You die...

# #....#.#>................#
#.###.####.#......##.##.#'#######
#.#....###.#.....................
#.......o....#.#......#.#..######
###.#.####.#.#.#####..#.##.#
#.#.#<.#.#.#.#...#).#.##.##
#.####.#.#.#.#.#.#..#.##..#
#......#)#.#o#.#.#..#.###.#
##########o#.#).@..#..#.###.#
.........#.#.##########.....##
.........'...............)...#
.........#o#.##########....#.#
.........#.#.# #....#.##
.........#.#.# ####.#..###
.............# ####....
##########.### #.... #.# #....


You could see an orc wizard (invisible).

Vanquished Creatures
  An orc wizard (D:3)
  3 gnolls
  3 adders (D:3)
  2 worms (D:3)
  2 dart slugs
  5 orcs
  2 bats
  6 endoplasms (D:1)
  5 giant cockroaches
  5 hobgoblins
  A jackal (D:1)
  2 kobolds (D:1)
  4 quokkas
  6 ball pythons
  5 frilled lizards
  4 goblins
  A rat (D:1)
57 creatures vanquished.

Notes
Turn   | Place    | Note
-------+----------+-------------------------------------------
     0 | D:1      | Spaninq the Spriggan Gladiator began the quest for the Orb.
     0 | D:1      | Reached XP level 1. HP: 10/10 MP: 2/2
   348 | D:1      | Reached XP level 2. HP: 15/15 MP: 3/3
   741 | D:1      | Reached XP level 3. HP: 18/18 MP: 4/4
  1764 | D:1      | Reached XP level 4. HP: 9/23 MP: 5/5
  2492 | D:3      | Reached skill level 5 in Dodging
  3414 | D:3      | HP: 1/23 [orc wizard/magic dart (7)]
  4135 | D:3      | Reached XP level 5. HP: 19/27 MP: 6/6
  4138 | D:3      | Killed from afar by an orc wizard

Illustrated notes

Levels and vault maps discovered:
D:1:      wander_arrival_desolate, layout_basic, minmay_misc_feat_tower,
          minmay_heptomino_l4
D:2:      minmay_skewed_foursquare, layout_rooms,
          corexii_item_surrounded_by_moat
D:3:      layout_basic, hellmonk_ecumenical_altar_prayer_group,
          minmay_fractal_squares_gapless_5, uniq_crazy_yiuf_cottage,
          uniq_jessica
D:4:      layout_cave_pools, serial_shops, kennysheep_mini_moat, uniq_duvessa

Skill      XL: |  1  2  3  4 |
---------------+-------------+-----
Long Blades    | 3 |  3.8
Fighting       | 2 |  2.5
Dodging        | 5 |  5.2
Throwing       | |  2.0

Action                   |  1- 3 |  4- 6 || total
-------------------------+-------+-------++-------
Melee: Long sword        |    81 |    80 ||   161
 Stab: Sleeping          |     4 |     2 ||     6
Armor: Robe              |     6 |     8 ||    14
Dodge: Dodged            |    81 |    74 ||   155
       Rpst.: Long sword |    30 |    16 ||    46
